 Dungeon Crawl Stone Soup version 0.21-a0-264-g3e31e41 (webtiles) character file.

57 Atlas the Sneak (level 4, 0/23 HPs)
             Began as a Vine Stalker Assassin on Sept 9, 2017.
             Slain by a hobgoblin
             ... wielding a +0 club
              (1 damage)
             ... on level 2 of the Dungeon.
             The game lasted 00:02:10 (1693 turns).

Atlas the Sneak (Vine Stalker Assassin)             Turns: 1693, Time: 00:02:10

Health: 0/23       AC:  3    Str: 14    XL:     4   Next: 0%
Magic:  0/5        EV: 12    Int: 11    God:
Gold:   89         SH:  0    Dex: 16    Spells: 3/3 levels left

rFire    . . .     SeeInvis .   a - +2 dagger
rCold    . . .     Gourm    .   (no shield)
rNeg     . . .     Faith    .   c - +0 robe
rPois    .         Spirit   +   (no helmet)
rElec    .         Reflect  .   d - +0 cloak
rCorr    .         Harm     .   (no gloves)
MR       .....                  (no boots)
Stlth    +++.......             (no amulet)
HPRegen  0.47/turn              (no ring)
MPRegen  0.09/turn              (no ring)

@: no status effects
A: fangs 2, regeneration 1, magic shield, antimagic bite, no potion heal 3, rot
immunity
a: no special abilities


You were on level 2 of the Dungeon.
You were not hungry.

You visited 1 branch of the dungeon, and saw 2 of its levels.

You collected 89 gold pieces.

Inventory:

Hand Weapons
 a - a +2 dagger (weapon)
 b - a +0 blowgun
Missiles
 e - 8 poisoned needles
 f - 2 curare-tipped needles
Armour
 c - a +0 robe (worn)
 d - a +0 cloak (worn)
Scrolls
 j - 2 scrolls of identify {unknown}
 m - 3 scrolls of fear {unknown}
 o - a scroll of enchant armour {unknown}
Potions
 h - a potion of ambrosia {unknown}
 i - a potion of agility {unknown}
 k - a potion of mutation {unknown}
 l - 2 potions of lignification {unknown}
 n - a potion of berserk rage {unknown}
Comestibles
 g - 2 bread rations
 p - a fruit
 q - a meat ration
 r - 5 chunks of flesh


   Skills:
 + Level 2.1 Fighting
 + Level 2.4 Short Blades
 + Level 2.0 Throwing
 + Level 0.8 Dodging
 + Level 5.8 Stealth


You had 3 spell levels left.
You didn't know any spells.

Dungeon Overview and Level Annotations

Branches:
Dungeon (2/15)

Altars:

Annotations:
D:2 Robin


Innate Abilities, Weirdness & Mutations

You have extremely sharp teeth.
Your natural rate of healing is unusually fast.
When hurt, damage is shared between your health and your magic reserves.
Your bite disrupts and absorbs the magic of your enemies.
Potions cannot restore your health.
You are immune to rotting.


Message History

The goblin hits you but does no damage. The hobgoblin closely misses you.
You closely miss the goblin.
The goblin is severely wounded.
The goblin closely misses you.
You hit the goblin but do no damage. Your bite misses the goblin.
The goblin is severely wounded.
The hobgoblin misses you. The goblin closely misses you.
You hit the goblin but do no damage. Your bite misses the goblin.
The goblin is severely wounded.
The hobgoblin misses you. The giant cockroach closely misses you.
The goblin hits you.
* * * LOW HITPOINT WARNING * * *
You hit the goblin but do no damage. You bite the goblin. You drain its power.
You feel invigorated.
You kill the goblin!
You have reached level 4!
You feel stronger.
You begin to heal more quickly.
The giant cockroach bites you. The hobgoblin hits you with a club.
You die...

..... .... ## #... .##
.######...##..#
..#...........###
#............<..#. ..#
#........gSs).....
...###.........@......#
...................$.#.#
.....#...............#
##...................# #
.#..................### .#.
.#....................##..g
...#.....w.....#...#.....g.
.#...........#.##..).#...
.#.<....................


You could see a worm (wandering), an adder, a giant cockroach and a hobgoblin.

Vanquished Creatures
  An adder (D:2)
  3 dart slugs
  2 ball pythons
  2 giant cockroaches (D:2)
  11 goblins
  2 jackals (D:1)
  7 kobolds
  4 bats
  4 frilled lizards
  4 rats
40 creatures vanquished.

Notes
Turn   | Place    | Note
-------+----------+-------------------------------------------
     0 | D:1      | Atlas the Vine Stalker Assassin began the quest for the Orb.
     0 | D:1      | Reached XP level 1. HP: 11/11 MP: 2/2
    38 | D:1      | Reached skill level 5 in Stealth
   375 | D:1      | Reached XP level 2. HP: 15/15 MP: 3/3
  1078 | D:2      | Reached XP level 3. HP: 18/18 MP: 4/4
  1368 | D:2      | Noticed Robin
  1693 | D:2      | Gained mutation: Your natural rate of healing is unusually fast. [Vine Stalker growth]
  1693 | D:2      | Reached XP level 4. HP: 1/23 MP: 2/5
  1693 | D:2      | Slain by a hobgoblin

Vault maps used:
D:1:      elethiomel_arrival_infinity_welcomes_careful_drivers
D:2:      first_bread, minmay_goblin_kobold_house, uniq_robin

Skill      XL: |  1  2  3 |
---------------+----------+-----
Stealth        | 5 |  5.8
Fighting       | 2 |  2.1
Throwing       | 2 |  2.0
Short Blades   | 2 |  2.4
Dodging        | |  0.8

Action                   |  1- 3 |  4- 6 || total
-------------------------+-------+-------++-------
Melee: Dagger            |   101 |       ||   101
       Bite              |    28 |       ||    28
 Stab: Sleeping          |     8 |       ||     8
  Eat: Chunk             |     2 |       ||     2
Armor: Robe              |    36 |       ||    36
Dodge: Dodged            |    78 |       ||    78

Table legend:
 A = Spawn XP
 B = Non-spawn XP
 C = Spawn XP percentage of total XP
 D = Spawn monster count
 E = Non-spawn monster count
 F = Spawn count percentage of total count
 G = Total turns spent on level
                    A         B        C        D         E        F      G
               +---------+---------+-------+---------+---------+-------+---------
         Total |       0 |      82 |   0.0 |       0 |      40 |   0.0 |  1693
               +---------+---------+-------+---------+---------+-------+---------
           D:1 |       0 |      38 |   0.0 |       0 |      21 |   0.0 |  1284
           D:2 |       0 |      44 |   0.0 |       0 |      19 |   0.0 |   409
               +---------+---------+-------+---------+---------+-------+---------
